 Dungeon Crawl Stone Soup version 0.21-a0-521-g1cd18d1 (webtiles) character file.

13927 KristoblXynda the Cleaver (level 11, -2/86 HPs)
             Began as a Black Draconian Gladiator on Dec 5, 2017.
             Was a Priest of Ashenzari.
             Splashed by an acid dragon's acid (16 damage)
             ... on level 12 of the Dungeon.
             The game lasted 00:26:16 (12707 turns).

KristoblXynda the Cleaver (DrGl)                   Turns: 12707, Time: 00:26:17

Health: -2/86      AC: 11    Str: 19    XL:     11   Next: 82%
Magic:  0/17       EV: 19    Int:  9    God:    Ashenzari [***...]
Gold:   393        SH:  7    Dex: 17    Spells: 10/10 levels left

rFire    . . .     SeeInvis +   x - +4 war axe
rCold    . . .     Gourm    .   A - +1 buckler {reflect} (curse)
rNeg     . . .     Faith    .   (armour unavailable)
rPois    +         Spirit   +   b - +0 hat
rElec    +         Reflect  +   y - +1 cloak {+Inv} (curse)
rCorr    .         Harm     .   e - +0 pair of gloves
MR       .....     Clarity  +   g - +0 pair of boots
Stlth    ++++......             F - amulet of guardian spirit
HPRegen  0.24/turn              q - +6 ring of dexterity (curse)
MPRegen  0.15/turn              m - ring of poison resistance

@: about to teleport
A: breathe lightning, unfitting armour, clarity, clumsy 1, electricity
resistance, cold-blooded, AC +7
a: Breathe Lightning, Curse Item, Scrying, Renounce Religion, Evoke Invisibility


You were on level 12 of the Dungeon.
You worshipped Ashenzari.
Ashenzari was most pleased with you.
You were not hungry.

You visited 2 branches of the dungeon, and saw 13 of its levels.
You also visited: Sewer.

You collected 625 gold pieces.
You spent 232 gold pieces at shops.

Inventory:

Hand Weapons
 x - a +4 war axe (weapon)
Missiles
 c - 5 throwing nets (quivered)
Armour
 b - a +0 hat (worn)
 e - a +0 pair of gloves (worn)
 g - a +0 pair of boots (worn)
 y - a cursed +1 cloak of invisibility (worn)
 A - a cursed +1 buckler of reflection (worn)
Jewellery
 h - an uncursed ring of magical power
 m - a ring of poison resistance (right hand)
 q - a cursed +6 ring of dexterity (left hand)
 v - a +6 ring of dexterity
 F - an amulet of guardian spirit (around neck)
 J - an uncursed ring of ice
 L - an uncursed ring of flight
Wands
 l - a wand of acid (1)
 w - a wand of clouds (1)
 H - a wand of iceblast (7)
Scrolls
 f - 2 scrolls of fear
 i - 2 scrolls of immolation
 k - a scroll of enchant armour
 n - a scroll of remove curse
 p - 2 scrolls of blinking
 s - a scroll of summoning
 t - 4 scrolls of identify
 u - 2 scrolls of magic mapping
 z - 3 scrolls of amnesia
 C - a scroll of teleportation
 K - a scroll of silence
Potions
 j - 6 potions of curing
 o - 3 potions of cancellation
 r - 2 potions of flight
 B - a potion of haste
 G - a potion of berserk rage
Miscellaneous
 E - a phantom mirror
 I - a fan of gales
Comestibles
 a - 5 meat rations
 d - 6 bread rations


   Skills:
 - Level 5.1 Fighting
 + Level 11.1 Axes
 - Level 4.2 Throwing
 + Level 9.2 Dodging
 + Level 6.8 Stealth
 - Level 3.9(5.6) Shields
 + Level 8.0 Evocations


You had 10 spell levels left.
You didn't know any spells.

Dungeon Overview and Level Annotations

Branches:
Dungeon (12/15)            Temple (1/1) D:4            Lair (0/6) D:11
    Orc (0/2) D:11

Altars:
Ashenzari
Cheibriados
Dithmenos
Elyvilon
Fedhas
Gozag
Hepliaklqana
Kikubaaqudgha
Makhleb
Nemelex Xobeh
Okawaru
Qazlal
Ru
Sif Muna
Trog
Uskayaw
Vehumet
Wu Jian
Xom
Yredelemnul
Zin
The Shining One

Shops:
D:6 =   D:8 %*!   D:12 ?

Annotations:
D:8 Gerstahl's ghost, journeyman DsTm
D:11 exclusion: ice statue


Innate Abilities, Weirdness & Mutations

You can breathe wild blasts of lightning.
Your glossy black scales are hard. (AC +7)
You cannot fit into any form of body armour.
You are resistant to electric shocks. (rElec)
You are cold-blooded and may be slowed by cold attacks.
You possess an exceptional clarity of mind.
You are clumsy. (Dex -2)


Message History

The orc wizard completely misses you.
The orc priest calls upon Beogh to heal the orc wizard.
The orc wizard is healed somewhat.
You block the orc wizard's attack.
A slime creature suddenly becomes a large slime creature.
You slash the orc wizard!
You kill the orc wizard!
Evoke which item? (* to show all) (? for menu, Esc to quit)
Aiming: Iceblast
Press: ? - help, Shift-Dir - straight line, f - orc
Aim: an orc, wielding an enchanted short sword and wearing a scale mail The mass of ice explodes!
The iceblast engulfs the orc.
You kill the orc!
The iceblast engulfs the acid dragon.
The acid dragon is severely wounded.
You hear a croak.
You hear an angry hiss.
You hear a shout! x2
The acid dragon spits acid at you. The splash of acid hits you!
* * * LOW HITPOINT WARNING * * *
You are splashed with acid!
The acid burns!
You die...

...............# .#...# ,
...#.##.#..##.#####.#...#
,
..............(......<.#
..#.........^...........
,
,....##.##...............
..##.##..#.##.##J#..>. ,
, ,...............o.#{...
, #.##.##..#.##.#Jo#)...
, , , ,
#.@).)o.Jo...(()(.. ,
,*####D.############# *,
* * ,* #..# , , ,,, * *,
, #.... * * * * * *
#..#.+ *, * **#$D###,* **
, ...# *,,,, * , **
#...,* * #..# * ,, , ,,


You could see a large slime creature, an acid dragon, an orc priest and an orc.

Vanquished Creatures
  Fannar (D:11)
  2 two-headed ogres
  A centaur warrior (D:11)
  Sonja (D:11)
  An ugly thing (D:11)
  A cyclops (D:12)
  Joseph (D:8)
  3 centaur skeletons (D:11)
  The ghost of nht the Grappler, a novice DrTm (D:5)
  A komodo dragon (D:11)
  The ghost of Megalobster the Chopper, an amateur DDFi (D:4)
  A merfolk (D:9)
  A hornet (D:10)
  2 hippogriffs
  A shadow (D:11)
  Sigmund (D:4)
  4 yaks (D:10)
  A wyvern (D:11)
  A basilisk (D:11)
  A steam dragon (D:11)
  A hungry ghost (D:11)
  A water moccasin (D:11)
  Edmund (D:6)
  An acid dragon (D:8)
  An orc warrior (D:8)
  5 sky beasts
  A phantom (D:4)
  11 centaurs
  7 ogres
  2 crocodiles (D:11)
  4 big kobolds
  Blork the orc (D:6)
  4 bullfrogs
  2 elf skeletons (D:4)
  A water moccasin skeleton (D:7)
  3 scorpions
  5 wights (D:6)
  2 howler monkeys
  7 crimson imps
  2 bullfrog zombies
  A human zombie (D:4)
  2 quasits
  2 centaur zombies
  4 hounds
  5 orc priests
  3 iguanas
  A human skeleton (D:4)
  12 worker ants
  10 orc wizards
  2 hound zombies
  2 hound skeletons
  2 worker ant zombies
  3 river rats (Sewer)
  16 adders
  2 shadow imps
  6 oozes
  An adder zombie (D:5)
  4 worms
  2 dart slugs
  4 leopard geckos
  23 orcs
  6 giant cockroaches
  8 goblins
  3 hobgoblins
  7 jackals
  26 kobolds
  3 quokkas
  4 ball pythons
  12 bats
  A frilled lizard (D:3)
  A jackal zombie (D:8)
  2 orc skeletons (D:4)
  A quokka skeleton (D:6)
  5 rats
275 creatures vanquished.

Vanquished Creatures (others)
  An unseen horror (D:11)
1 creature vanquished.

Grand Total: 276 creatures vanquished

Notes
Turn   | Place    | Note
-------+----------+-------------------------------------------
     0 | D:1      | KristoblXynda the Draconian Gladiator began the quest for the Orb.
     0 | D:1      | Reached XP level 1. HP: 17/17 MP: 1/1
    52 | D:1      | Reached XP level 2. HP: 22/24 MP: 2/2
   549 | D:2      | Reached XP level 3. HP: 23/29 MP: 3/3
  1500 | D:2      | Reached XP level 4. HP: 36/36 MP: 4/4
  2020 | D:3      | Reached skill level 4 in Axes
  2492 | D:3      | Found a deep blue altar of Sif Muna.
  2492 | D:3      | Found a sparkling altar of Nemelex Xobeh.
  2566 | D:4      | Reached XP level 5. HP: 41/41 MP: 5/5
  2567 | D:4      | Found a glowing drain.
  2589 | Sewer    | Entered a sewer
  2688 | Sewer    | Reached XP level 6. HP: 28/48 MP: 6/6
  3071 | Sewer    | Reached skill level 5 in Axes
  3246 | D:4      | Your scales start taking on a glossy black colour.
  3246 | D:4      | Reached XP level 7. HP: 44/55 MP: 7/7
  3246 | D:4      | Gained mutation: You are resistant to electric shocks. (rElec) [Black Draconian growth]
  3310 | D:4      | Found an ornate altar of the Wu Jian Council.
  3391 | D:4      | Reached skill level 5 in Dodging
  3419 | D:4      | Reached skill level 6 in Axes
  3442 | D:4      | Found a staircase to the Ecumenical Temple.
  3527 | Temple   | Entered the Ecumenical Temple
  3598 | Temple   | Became a worshipper of Ashenzari the Shackled
  4038 | D:4      | Noticed Sigmund
  4092 | D:4      | Killed Sigmund
  4092 | D:4      | Reached skill level 7 in Axes
  4092 | D:4      | Reached XP level 8. HP: 42/61 MP: 8/8
  4141 | D:4      | Noticed Megalobster's ghost (amateur DDFi)
  4173 | D:4      | Killed Megalobster's ghost
  4380 | D:4      | Found a radiant altar of Vehumet.
  4442 | D:5      | Entered Level 5 of the Dungeon
  4509 | D:5      | Reached skill level 8 in Axes
  4914 | D:5      | Noticed nht's ghost (novice DrTm)
  4933 | D:5      | Killed nht's ghost
  4933 | D:5      | Reached skill level 1 in Evocations
  5448 | D:5      | Reached XP level 9. HP: 52/67 MP: 10/10
  5605 | D:6      | Found an iron altar of Okawaru.
  5613 | D:6      | Reached * piety under Ashenzari
  5620 | D:6      | Reached skill level 9 in Axes
  5687 | D:6      | Noticed Edmund
  6000 | D:6      | Noticed Blork the orc
  6011 | D:6      | Killed Blork the orc
  6023 | D:6      | Found Wuuge's Jewellery Boutique.
  6447 | D:6      | Killed Edmund
  6787 | D:7      | Reached skill level 10 in Axes
  6834 | D:7      | Identified a scroll of acquirement
  7457 | D:7      | Reached skill level 1 in Stealth
  7543 | D:8      | Noticed Joseph
  7563 | D:8      | Killed Joseph
  7901 | D:8      | Found a glowing golden altar of the Shining One.
  7916 | D:8      | Reached XP level 10. HP: 38/73 MP: 13/13
  7996 | D:8      | Noticed Gerstahl's ghost (journeyman DsTm)
  8224 | D:8      | Found Osasel's Assorted Antiques.
  8225 | D:8      | Found Lass's Armour Emporium.
  8242 | D:8      | Bought a glowing buckler for 232 gold pieces
  8281 | D:8      | Found Xyajat's Food Boutique.
  8513 | D:8      | Reached skill level 1 in Shields
  8557 | D:8      | Gained mutation: You are clumsy. (Dex -2) [mutagenic meat]
  8558 | D:8      | Gained mutation: You possess an exceptional clarity of mind. [mutagenic meat]
  8585 | D:8      | Found Lyutik's Distillery.
  8933 | D:9      | Reached skill level 5 in Evocations
  9146 | D:9      | Reached ** piety under Ashenzari
  9282 | D:9      | Noticed a two-headed ogre
  9291 | D:9      | Killed a two-headed ogre
  9342 | D:9      | Found a shadowy altar of Dithmenos.
  9923 | D:10     | Entered Level 10 of the Dungeon
 10743 | D:11     | Noticed a centaur warrior
 10745 | D:11     | Noticed a cyan ugly thing
 10746 | D:11     | Killed an unseen horror
 10750 | D:11     | Reached *** piety under Ashenzari
 10751 | D:11     | Noticed an ice statue
 10858 | D:11     | Noticed Fannar
 10865 | D:11     | Killed Fannar
 10865 | D:11     | Reached skill level 5 in Fighting
 10865 | D:11     | Reached skill level 5 in Stealth
 10865 | D:11     | Reached XP level 11. HP: 86/86 MP: 15/15
 11252 | D:11     | Killed a centaur warrior
 11260 | D:11     | Killed a cyan ugly thing
 11521 | D:11     | Found a staircase to the Lair.
 11542 | D:11     | Found a staircase to the Orcish Mines.
 11649 | D:11     | Noticed Sonja
 11661 | D:11     | Killed Sonja
 11979 | D:11     | Noticed a two-headed ogre
 11995 | D:11     | Killed a two-headed ogre
 11995 | D:11     | Reached skill level 11 in Axes
 12654 | D:12     | Found Vof Baun's Magic Scroll Shop.
 12707 | D:12     | Splashed by an acid dragon's acid

Vault maps used:
D:1:      onia_arrival_mini_spirals
D:2:      minmay_quantized
D:3:      gammafunk_temple_overflow_wave, minmay_misc_feat_ornament,
          minmay_unequal
D:4:      old_standard_altar, fiery_altar_vehumet, minmay_temple_entry_grid,
          nicolae_ossuary_entry_catacombs, portal_sewer_entry_f, first_bread,
          uniq_sigmund
D:6:      nicolae_overflow_crystal_walls, serial_shops, shop,
          uniq_blork_the_orc, uniq_edmund
D:7:      wad_floor_pattern_untrapped, kennysheep_cross_bottleneck,
          minmay_misc_feat_cross
D:8:      old_standard_altar, serial_shops, nicolae_shop_behind_doors,
          nicolae_shop_competitors_out_of_business, kennysheep_mini,
          nicolae_shop_window_shopping, kennysheep_mini_moat, uniq_joseph
D:9:      hangedman_fish_farm, grunt_dithmenos_smoke
D:10:     grunt_ministairs_1
D:11:     minmay_opposing_rooms, lair_entry_dummy, orc_0_dummy, minivault_16,
          uniq_sonja, uniq_fannar
D:12:     serial_shops, shop, enter_bailey_8, hangedman_misty_isle,
          uniq_maurice, uniq_rupert
Temple:   minmay_temple_bridge_d
Sewer:    sewer_co_tree

Skill      XL: |  1  2  3  4  5  6  7  8  9 10 11 |
---------------+----------------------------------+-----
Throwing       | 2 3 4 |  4.2
Dodging        | 3 4 5 6 7 8 9 |  9.2
Axes           | 4 5 7 8 10 11 | 11.1
Evocations     | 2 4 6 8 |  8.0
Stealth        | 2 5 6 |  6.8
Shields        | 3 |  3.9
Fighting       | 5 |  5.1

Action                   |  1- 3 |  4- 6 |  7- 9 | 10-12 || total
-------------------------+-------+-------+-------+-------++-------
Melee: War axe           |   112 |   211 |   347 |   350 ||  1020
       Tailslap          |    16 |    14 |    67 |    50 ||   147
Invok: Curse Item        |       |       |     1 |     1 ||     2
 Abil: Breathe Lightning |       |       |     9 |       ||     9
Evoke: Wand              |       |       |     2 |     8 ||    10
  Use: Scroll            |       |     9 |     5 |     7 ||    21
       Potion            |       |       |     9 |     2 ||    11
 Stab: Sleeping          |       |     1 |     2 |     9 ||    12
       Distracted        |       |       |       |     1 ||     1
  Eat: Chunk             |     1 |     3 |     5 |     9 ||    18
       Royal jelly       |       |     2 |     1 |     1 ||     4
       Fruit             |       |     1 |       |       ||     1
       Meat ration       |       |       |     1 |       ||     1
       Bread ration      |       |       |     1 |     2 ||     3
Armor: Skin              |    47 |    80 |    82 |   101 ||   310
Dodge: Dodged            |   107 |   196 |   263 |   268 ||   834
Block: Buckler           |       |       |       |   120 ||   120
       Reflection        |       |       |       |     5 ||     5

Table legend:
 A = Spawn XP
 B = Non-spawn XP
 C = Spawn XP percentage of total XP
 D = Spawn monster count
 E = Non-spawn monster count
 F = Spawn count percentage of total count
 G = Total turns spent on level
                    A         B        C        D         E        F      G
               +---------+---------+-------+---------+---------+-------+---------
         Total |       0 |   19896 |   0.0 |       0 |     276 |   0.0 | 12707
               +---------+---------+-------+---------+---------+-------+---------
           D:1 |       0 |      26 |   0.0 |       0 |      16 |   0.0 |   462
           D:2 |       0 |      75 |   0.0 |       0 |      21 |   0.0 |  1271
           D:3 |       0 |      94 |   0.0 |       0 |      25 |   0.0 |   810
           D:4 |       0 |    1276 |   0.0 |       0 |      24 |   0.0 |  1127
           D:5 |       0 |    1041 |   0.0 |       0 |      19 |   0.0 |  1346
           D:6 |       0 |    1142 |   0.0 |       0 |      23 |   0.0 |   987
           D:7 |       0 |     728 |   0.0 |       0 |      14 |   0.0 |  1045
           D:8 |       0 |    1602 |   0.0 |       0 |      23 |   0.0 |  1034
           D:9 |       0 |    2266 |   0.0 |       0 |      25 |   0.0 |  1069
          D:10 |       0 |    1394 |   0.0 |       0 |      16 |   0.0 |   610
          D:11 |       0 |    8965 |   0.0 |       0 |      36 |   0.0 |  2113
          D:12 |       0 |     849 |   0.0 |       0 |       6 |   0.0 |    61
         Sewer |       0 |     438 |   0.0 |       0 |      28 |   0.0 |   629
               +---------+---------+-------+---------+---------+-------+---------
